 Dungeon Crawl Stone Soup version 0.31-a0-37-g98a128e1d9 (webtiles) character file.

Game seed: 6177698989551702689

56 pk666 the Firebug (level 3, -1/19 HPs)
             Began as a Deep Elf Fire Elementalist on May 15, 2023.
             Succumbed to a scorpion's poison
             ... on level 3 of the Dungeon.
             The game lasted 00:02:42 (2446 turns).

pk666 the Firebug (Deep Elf Fire Elementalist)      Turns: 2446, Time: 00:02:43

Health: -1/19      AC:  3    Str:  5    XL:     3   Next: 69%
Magic:  1/10       EV: 13    Int: 21    God:
Gold:   60         SH:  0    Dex: 15    Spells: 6/9 levels left

rFire   . . .        (no weapon)
rCold   . . .        (no shield)
rNeg    . . .        a - +0 robe
rPois   .            (no helmet)
rElec   .            (no cloak)
rCorr   .            o - +0 pair of gloves
SInv    .            (no boots)
Will    .....        (no amulet)
Stlth   ++           (no ring)
HPRegen 0.23/turn    (no ring)
MPRegen 0.12/turn

%: no passive effects
@: lethally poisoned (-1 -> -12), very slightly contaminated
A: no striking features
a: no special abilities


You were on level 3 of the Dungeon.
You visited 1 branch of the dungeon, and saw 3 of its levels.

You collected 60 gold pieces.

Inventory:

Missiles
 g - a throwing net
Armour
 a - a +0 robe (worn)
 o - a +0 pair of gloves (worn)
Jewellery
 c - an amulet of guardian spirit
Scrolls
 f - a scroll of fear {unknown}
 j - 4 scrolls of identify {unknown}
 k - a scroll of blinking {unknown}
 l - a scroll of vulnerability {unknown}
 m - a scroll of teleportation {unknown}
Potions
 b - a potion of magic
 d - a potion of might {unknown}
 e - 2 potions of haste {unknown}
 h - a potion of attraction {unknown}
 i - a potion of heal wounds {unknown}
 n - a potion of lignification {unknown}


   Skills:
 + Level 3.2 Dodging
 - Level 2.4 Stealth
 + Level 3.5 Spellcasting
 + Level 1.9 Conjurations
 + Level 3.7 Fire Magic
 + Level 0.8 Air Magic
 + Level 0.7 Poison Magic


You had 6 spell levels left.
You knew the following spells:

 Your Spells              Type           Power      Damage    Failure   Level
a - Foxfire               Conj/Fire      60%        2x1d7     3%          1
b - Scorch                Fire           38%        2d6       4%          2

Your spell library contained the following spells:

 Spells                   Type           Power      Damage    Failure   Level
 Magic Dart               Conj           48%        1d5       5%          1
 Cigotuvi's Dreadful Rot  Necr/Pois/Air  12%        N/A       16%         2
 Inner Flame              Hex/Fire       11%        N/A       17%         3
 Volatile Blastmotes      Fire/Tloc      22%        2d11      17%         3
 Call Imp                 Summ           6%         N/A       19%         2
 Lesser Beckoning         Tloc           6%         N/A       19%         2
 Mephitic Cloud           Conj/Pois/Air  8%         N/A       22%         3
 Gell's Gravitas          Tloc           3%         N/A       36%         3
 Teleport Other           Tloc           3%         N/A       36%         3
 Flame Wave               Conj/Fire      15%        2d7       36%         4
 Dispel Undead            Necr           3%         3d7       77%         4
 Death Channel            Necr           1%         N/A       100%        6


Dungeon Overview and Level Annotations

Branches:
Dungeon (3/15)

Altars:


Message History

The adder is moderately wounded.
The foxfire hits the adder.
The adder is severely wounded.
Casting: Foxfire (safe; 4% risk of failure)
Confirm with . or Enter, or press ? or * to list all spells.
You miscast Foxfire.
Nothing appears to happen.
Casting: Foxfire (safe; 4% risk of failure)
Confirm with . or Enter, or press ? or * to list all spells.
You conjure some foxfire!
The adder closely misses you. The adder completely misses you.
The foxfire hits the adder.
You kill the adder!
The foxfire hits the scorpion but does no damage.
Casting: Foxfire (safe; 3% risk of failure)
Confirm with . or Enter, or press ? or * to list all spells.
You miscast Scorch.
Nothing appears to happen.
The scorpion stings you.
You are poisoned.
The scorpion poisons you!
Casting: Scorch (safe; 4% risk of failure)
Confirm with . or Enter, or press ? or * to list all spells.
You miscast Scorch.
Nothing appears to happen.
You feel sick.
The scorpion stings you but does no damage.
Casting: Scorch (safe; 4% risk of failure)
Confirm with . or Enter, or press ? or * to list all spells.
Flames lash the scorpion.
The scorpion is lightly wounded.
The scorpion's fire resistance burns away.
You feel sick. The scorpion barely misses you.
Casting: Scorch (safe; 4% risk of failure)
Confirm with . or Enter, or press ? or * to list all spells.
You don't have enough magic to cast this spell.
Casting: Scorch (safe; 4% risk of failure)
Confirm with . or Enter, or press ? or * to list all spells.
You don't have enough magic to cast this spell.
You feel sick. The scorpion stings you. The scorpion attacks as you move away!
The scorpion stings you!
* * * LOW HITPOINT WARNING * * *
You are more poisoned.
The scorpion poisons you!
You die...

...................
....######......... ..
###.^....# ......# .....
##..####.# #.....# ......
##.....#.# #.....###......
.......#.###.............#
.##....#............<....#
..#....#..................
.......+........@.........
#.######..................
#.# .............s.......
#.# #..............†.....#
#<# #.......##(..###$...##
### #.......##...# ......
........##...# ...## #...#
...# #... ..#


You could see a scorpion (combustible).

Vanquished Creatures
  An adder (D:3)
  2 bats
  2 endoplasms
  A giant cockroach (D:2)
  8 goblins
  6 hobgoblins
  3 quokkas
  9 ball pythons
  3 frilled lizards
  2 kobolds (D:2)
  5 rats
42 creatures vanquished.

Vanquished Creatures (collateral kills)
  5 foxfires (D:2)
5 creatures vanquished.

Vanquished Creatures (others)
  140 foxfires
140 creatures vanquished.

Grand Total: 187 creatures vanquished

Notes
Turn   | Place    | Note
-------+----------+-------------------------------------------
     0 | D:1      | pk666 the Deep Elf Fire Elementalist began the quest for
                  | the Orb.
     0 | D:1      | Reached XP level 1. HP: 10/10 MP: 6/6
   294 | D:1      | Reached XP level 2. HP: 15/15 MP: 6/8
   353 | D:1      | Learned a level 2 spell: Scorch
  1157 | D:2      | Reached XP level 3. HP: 19/19 MP: 3/9
  1207 | D:2      | Found a faded altar of an unknown god.
  2436 | D:3      | Noticed a scorpion
  2446 | D:3      | Succumbed to a scorpion's poison

Illustrated notes

Levels and vault maps discovered:
D:1:      dpeg_arrival_rooms_with_view, layout_basic, reono_crystal_passage,
          minmay_misc_feat_more_columns, minmay_crystal_room
D:2:      layout_basic, dreamdust_ecumenical_altar_angels_and_demons,
          serial_forest, infiniplex_forest_lined_corner,
          infiniplex_forest_clump_double, infiniplex_forest_clump_double,
          infiniplex_forest_lined_1, infiniplex_forest_clump_double,
          infiniplex_forest_clump_long, infiniplex_forest_lined_3,
          infiniplex_forest_straight_5
D:3:      layout_basic, minmay_checkerbox

Skill      XL: |  1  2 |
---------------+-------+-----
Dodging        | 3 |  3.2
Stealth        | |  2.4
Spellcasting   | |  3.5
Conjurations   | |  1.9
Fire Magic     | |  3.7
Air Magic      | |  0.8
Poison Magic   | |  0.7

Action                     || total
---------------------------++-------
   Cast: Foxfire           ||    95
         Scorch            ||     4
 Armour: Robe              ||     2
  Dodge: Dodged            ||    10

Table legend: (Time is in decaauts)
 A = Elapsed time spent in this place.
 B = Non-inter-level travel time spent in this place.
 C = Inter-level travel time spent in this place.
 D = Time resting spent in this place.
 E = Time spent auto-exploring this place.
 F = Levels seen in this place.
 G = Mean time per level.
                   A        B        C        D        E       F      G
               +--------+--------+--------+--------+--------+-----+--------+
         Total |   2445 |   2423 |     22 |      0 |   2134 |   3 |  815.0 |
       Dungeon |   2445 |   2423 |     22 |      0 |   2134 |   3 |  815.0 |
               +--------+--------+--------+--------+--------+-----+--------+

Top non-repeatable levels by time:
     D:2: 1515 daAuts
     D:1: 874 daAuts
     D:3: 55 daAuts
